 Dungeon Crawl Stone Soup version 0.28-a0-793-g31680bbd8b (webtiles) character file.

Game seed: 13822338929362701983

367 Essalna the Firebug (level 6, 0/32 HPs)
             Began as a Gargoyle Fire Elementalist on Nov 4, 2021.
             Killed from afar by an orc wizard (7 damage)
             ... with a puff of flame
             ... on level 4 of the Dungeon.
             The game lasted 00:07:29 (4567 turns).

Essalna the Firebug (Gargoyle Fire Elementalist)    Turns: 4567, Time: 00:07:29

Health: 0/32       AC:  6    Str: 12    XL:     6   Next: 69%
Magic:  10/10      EV: 12    Int: 17    God:
Gold:   135        SH:  0    Dex: 10    Spells: 4/11 levels left

rFire   . . .      SeeInvis .   c - +4 dagger
rCold   . . .      Faith    .   (no shield)
rNeg    + + .      Spirit   .   a - +0 robe
rPois   ∞          Reflect  .   (no helmet)
rElec   +          Harm     .   (no cloak)
rCorr   .          Rampage  .   (no gloves)
Will    .....                   (no boots)
Stlth   ++........              (no amulet)
HPRegen 0.10/turn               k - ring of positive energy
MPRegen 0.12/turn               (no ring)

@: no status effects
A: sickness immunity, AC +4, negative energy resistance 1, electricity
resistance, torment resistance 1, petrification resistance
a: no special abilities


You were on level 4 of the Dungeon.
You visited 1 branch of the dungeon, and saw 5 of its levels.

You collected 135 gold pieces.

Inventory:

Hand Weapons
 c - a +4 dagger (weapon)
Armour
 a - a +0 robe (worn)
Jewellery
 d - a ring of flight
 k - a ring of positive energy (left hand)
Wands
 q - a wand of flame (14)
Scrolls
 e - 2 scrolls of enchant weapon {unknown}
 f - a scroll of acquirement {unknown}
 g - a scroll of identify {unknown}
 j - a scroll of holy word {unknown}
 l - a scroll of enchant armour {unknown}
 m - a scroll of noise {unknown}
Potions
 b - a potion of curing {unknown}
 h - a potion of might {unknown}
 i - a potion of brilliance {unknown}
 n - a potion of haste {unknown}
 o - a potion of berserk rage {unknown}
 p - a potion of flight {unknown}
 r - a potion of ambrosia {unknown}


   Skills:
 + Level 2.9 Dodging
 + Level 4.1 Stealth
 + Level 3.3 Spellcasting
 + Level 3.2 Conjurations
 + Level 4.1 Fire Magic


You had 4 spell levels left.
You knew the following spells:

 Your Spells              Type           Power      Damage    Failure   Level
a - Foxfire               Conj/Fire      60%        2x1d7     3%          1
b - Scorch                Fire           32%        2d7       4%          2
c - Flame Wave            Conj/Fire      15%        3d5       36%         4

Your spell library contained the following spells:

 Spells                   Type           Power      Damage    Failure   Level
 Conjure Flame            Conj/Fire      15%        6-21      11%         3
 Inner Flame              Hex/Fire       9%         N/A       22%         3
 Ignite Poison            Fire/Tmut/Pois 7%         N/A       28%         3
 Mephitic Cloud           Conj/Pois/Air  6%         N/A       32%         3
 Gell's Gravitas          Tloc           2%         N/A       45%         3
 Lesser Beckoning         Tloc           2%         N/A       45%         3
 Teleport Other           Tloc           2%         N/A       45%         3
 Freezing Cloud           Conj/Ice/Air   3%         6-21      96%         5


Dungeon Overview and Level Annotations

Branches:
Dungeon (5/15)
 Temple: D:4-7

Altars:
Sif Muna
Wu Jian


Innate Abilities, Weirdness & Mutations

You are immune to sickness and miasma.
Your stone body is resilient. (AC +4)
You are immune to poison.
You resist negative energy. (rN+)
You are resistant to electric shocks. (rElec)
You are resistant to unholy torment.
You are immune to petrification.


Message History

Your foxfire dissipates!
The foxfire hits the orc but does no damage.
The orc is severely wounded.
You conjure some foxfire!
The foxfire hits the orc.
You kill the orc!
An orc comes into view. It is wielding a +0 hand axe.
You conjure some foxfire!
The foxfire hits the orc warrior.
The orc warrior is lightly wounded.
The foxfire hits the orc warrior but does no damage.
The orc warrior is lightly wounded.
The foxfire hits the orc warrior but does no damage.
The orc warrior is lightly wounded.
The foxfire hits the orc warrior.
The orc warrior is moderately wounded.
The foxfire hits the orc warrior but does no damage.
The orc warrior is moderately wounded.
The foxfire hits the orc warrior but does no damage.
The orc warrior is moderately wounded.
You see here 19 arrows.
There is a stone staircase leading up here.
You climb upwards.
The orc warrior hits you with a +0 long sword!!
Ouch! That really hurt!
The orc warrior hits you with a +0 long sword!
* * * LOW HITPOINT WARNING * * *
There is a stone staircase leading down here.
The orc wizard gestures wildly while chanting.
The orc wizard flickers and vanishes!
Deactivating autopickup; reactivate with Ctrl-A.
The jackal skeleton closely misses you.
You hit the jackal skeleton.
The jackal skeleton is heavily damaged.
The jackal skeleton bites you but does no damage.
You hit the jackal skeleton.
You destroy the jackal skeleton!
The orc warrior hits you with a +0 long sword.
* * * LOW HITPOINT WARNING * * *
A puff of flame appears from out of thin air!
The puff of flame hits you!
You die...

##.### #### #....#
#####..# #...##
#..##..# ##..#
##...#..# #.###
##....#..#
#...###........#
###...#........# #
###..........## #
##.......@.o### #
#.......##..{#### #
#.......#####...####
# ##......#
###....### ##
##.....# ####...###.
##...## #####.....
#.#.# #.........
#.### #.≈≈≈≈≈≈§.
##.# #.........


You could see an orc warrior.

Vanquished Creatures
  A scorpion (D:5)
  A hound (D:4)
  An orc priest (D:4)
  An iguana (D:5)
  A jelly (D:4)
  Natasha (D:4)
  An orc wizard (D:3)
  2 hound skeletons (D:4)
  An adder (D:5)
  2 ufetubi (D:5)
  2 worms (D:2)
  2 dart slugs
  16 orcs
  2 bats
  3 endoplasms
  A giant cockroach (D:3)
  8 goblins
  6 hobgoblins
  3 jackals
  3 kobolds
  5 quokkas
  4 ball pythons
  3 frilled lizards
  A jackal skeleton (D:4)
  6 rats
77 creatures vanquished.

Vanquished Creatures (others)
  283 foxfires
283 creatures vanquished.

Grand Total: 360 creatures vanquished

Notes
Turn   | Place    | Note
-------+----------+-------------------------------------------
     0 | D:1      | Essalna the Gargoyle Fire Elementalist began the quest for
                  | the Orb.
     0 | D:1      | Reached XP level 1. HP: 10/10 MP: 3/3
   614 | D:1      | Reached XP level 2. HP: 14/15 MP: 0/5
  1226 | D:2      | Reached XP level 3. HP: 19/19 MP: 0/6
  2396 | D:3      | Reached XP level 4. HP: 24/24 MP: 3/7
  2444 | D:3      | Found a shimmering blue altar of Sif Muna.
  2679 | D:3      | Found a faded altar of an unknown god.
  2990 | D:4      | Noticed an orc warrior
  3102 | D:4      | Reached XP level 5. HP: 19/28 MP: 2/9
  3200 | D:3      | Learned a level 2 spell: Scorch
  3348 | D:4      | Found an ornate altar of the Wu Jian Council.
  3729 | D:4      | Noticed Natasha
  3737 | D:4      | Killed Natasha
  3738 | D:4      | Reached XP level 6. HP: 27/32 MP: 2/10
  4016 | D:5      | Entered Level 5 of the Dungeon
  4444 | D:5      | Learned a level 4 spell: Flame Wave
  4483 | D:5      | Noticed an orc warrior
  4567 | D:4      | Killed from afar by an orc wizard

Illustrated notes

Levels and vault maps discovered:
D:1:      dpeg_arrival_short_road, layout_loops_ring, minmay_box_of_dots
D:2:      layout_rooms
D:3:      layout_loops_ring, lemuel_blue_sif_altar,
          chequers_ecumenical_altar_twisty
D:4:      layout_cave_pods, mainiacjoe_overflow_cross_hatched,
          nicolae_gozag_cash_rules_everything_around_me, uniq_natasha
D:5:      layout_loops_ring, nicolae_shop_overcharged_wands

Skill      XL: |  1  2  3  4  5  6 |
---------------+-------------------+-----
Dodging        | 2 |  2.9
Conjurations   | 2 3 |  3.2
Stealth        | 3 4 |  4.1
Spellcasting   | 3 |  3.3
Fire Magic     | 4 |  4.1

Action                   |  1- 3 |  4- 6 || total
-------------------------+-------+-------++-------
Melee: Dagger            |    45 |    38 ||    83
 Cast: Foxfire           |    82 |    89 ||   171
       Scorch            |       |     2 ||     2
 Stab: Sleeping          |     1 |       ||     1
Armor: Robe              |     8 |    15 ||    23
Dodge: Dodged            |    24 |    40 ||    64

Table legend: (Time is in decaauts)
 A = Elapsed time spent in this place.
 B = Non-inter-level travel time spent in this place.
 C = Inter-level travel time spent in this place.
 D = Time resting spent in this place.
 E = Time spent auto-exploring this place.
 F = Levels seen in this place.
 G = Mean time per level.
                   A        B        C        D        E       F      G
               +--------+--------+--------+--------+--------+-----+--------+
         Total |   4569 |   4458 |    111 |    189 |   3500 |   5 |  913.8 |
       Dungeon |   4569 |   4458 |    111 |    189 |   3500 |   5 |  913.8 |
               +--------+--------+--------+--------+--------+-----+--------+

Top non-repeatable levels by time:
     D:3: 1234 daAuts
     D:1: 1070 daAuts
     D:2: 944 daAuts
     D:4: 805 daAuts
     D:5: 514 daAuts
